 Dungeon Crawl Stone Soup version 0.32-a0-747-gc8563f6773 (webtiles) character file.

Game seed: 1917721665539144428

3676 cforsyth the Cleaver (level 9, 0/80 HPs)
             Began as a Mountain Dwarf Cinder Acolyte on Mar 17, 2024.
             Was a High Priest of Ignis.
             Slain by a polar bear (22 damage)
             ... on level 8 of the Dungeon.
             The game lasted 00:12:38 (10253 turns).

cforsyth the Cleaver (MDCA)                        Turns: 10253, Time: 00:12:39

Health: 0/80       AC: 18    Str: 24    XL:     9   Next: 89%
Magic:  2/17       EV:  7    Int: 18    God:    Ignis [*****.]
Gold:   405        SH:  0    Dex:  5    Spells: 16/18 levels left

rFire   + + +        s - +3 war axe
rCold   . . .        (no shield)
rNeg    . . .        o - +5 chain mail "Cumajo" {rF++}
rPois   .            f - +0 helmet
rElec   .            (no cloak)
rCorr   .            (no gloves)
SInv    .            e - +0 pair of boots
Will    .....        (no amulet) Stlth
                     S - +6 ring of strength
HPRegen 0.33/turn    L - ring of flight
MPRegen 0.15/turn

%: no passive effects
@: flying
A: runic magic, artefact enchanting
a: Renounce Religion, Fiery Armour, Foxfire Swarm, Rising Flame


You were on level 8 of the Dungeon.
You worshipped Ignis.
Ignis was extremely pleased with you.
You visited 1 branch of the dungeon, and saw 8 of its levels.
You also visited: Sewer.

You collected 405 gold pieces.


Innate Abilities, Weirdness & Mutations

Your spellcasting is much less encumbered by armour.
You can use scrolls of enchantment on lesser artefacts.


   Skills:
 + Level 7.7 Fighting
 + Level 8.5 Axes
 + Level 6.8 Armour
 + Level 5.3 Spellcasting
 + Level 8.4 Fire Magic


You had 16 spell levels left.
You knew the following spells:

 Your Spells              Type           Power      Damage    Failure   Level
X - Scorch                Fire           70%        2d7       1%          2

Your spell library contained the following spells:

 Spells                   Type           Power      Damage    Failure   Level
 Sublimation of Blood     Necr           4%         N/A       28%         2
 Stone Arrow              Conj/Erth      8%         3d7       50%         3
 Animate Armour           Summ/Erth      8%         N/A       88%         4
 Petrify                  Alch/Erth      4%         N/A       88%         4
 Irradiate                Conj/Alch      2%         3d12      99%         5
 Lehudib's Crystal Spear  Conj/Erth      2%         10d2      100%        8

Inventory:

Hand Weapons
 a - a -1 hand axe of flaming
 s - a +3 war axe (weapon)
Armour
 e - a +0 pair of boots (worn)
 f - a +0 helmet (worn)
 o - the +5 chain mail "Cumajo" (worn) {rF++}
   (You found it on level 2 of the Dungeon)

   rF++:      It greatly protects you from fire.
 D - a scarf of resistance
Magical Staves
 r - a staff of alchemy {!a}
Jewellery
 C - a ring of ice
 L - a ring of flight (right hand)
 S - a +6 ring of strength (left hand)
 W - a ring of willpower
Wands
 v - a wand of charming (12)
 x - a wand of flame (21)
Scrolls
 b - 3 scrolls of torment
 d - 3 scrolls of poison {unknown}
 h - a scroll of revelation
 i - a scroll of summoning
 k - a scroll of teleportation {@r2}
 p - 3 scrolls of enchant armour {unknown}
 q - a scroll of acquirement {unknown}
 t - 2 scrolls of fear
 y - a scroll of vulnerability {unknown}
 A - a scroll of noise {unknown}
 B - a scroll of blinking {unknown}
 F - a scroll of enchant weapon {unknown}
Potions
 c - a potion of might
 g - 3 potions of resistance
 j - a potion of brilliance
 l - 2 potions of attraction
 m - 3 potions of mutation
 n - 5 potions of curing {unknown}
 u - 2 potions of berserk rage {!q}
 w - a potion of haste {@q3}
 z - 2 potions of degeneration {unknown}
 E - 2 potions of heal wounds {unknown}
 G - 2 potions of lignification {unknown}

Dungeon Overview and Level Annotations

Branches:
Dungeon (8/15)             Temple (0/1) D:6            Lair (0/5) D:8
  Sewer (visited)

Altars:
Dithmenos
Fedhas
Gozag
Nemelex Xobeh
Sif Muna
Uskayaw
Wu Jian

Shops:
D:7 !

Portals:
Abyss: D:5

Annotations:
D:5 2 transporters, JoadsterXIII's ghost, novice TrFi
D:6 Eustachio

...## #...######## ...#
##........... ...#
#............ ...#
####.#.......... ...##
###.##.#.#...<.$..
....###.~.......#......#
.....#~......§§§........
...........~.§.§@[......
))..#........§§§h......#
.###.†..#.#...###......#
##......#.#.## .....##
#....#.###.... .#....#
##............# .~...~#
#..........>.........##
##......#.... .......#
##.....#.#... #.....~#


You could see a polar bear (berserk, combustible).


Message History

Casting: Scorch (safe; 1% risk of failure)
Confirm with . or Enter, or press ? or * to list all spells.
Flames lash the polar bear but do no damage.
The polar bear closely misses you. The polar bear barely misses you.
The polar bear claws you but does no damage.
The steam dragon breathes steam at you. The ball of steam hits you. You resist.
* * * LOW HITPOINT WARNING * * *
The polar bear bites you but does no damage.
The polar bear completely misses you.
The polar bear claws you but does no damage.
Casting: Scorch (safe; 1% risk of failure)
Confirm with . or Enter, or press ? or * to list all spells.
Flames lash the steam dragon.
The steam dragon is severely wounded.
The steam dragon's fire resistance burns away.
The polar bear bites you but does no damage.
The polar bear claws you but does no damage.
The polar bear barely misses you. The steam dragon closely misses you.
The steam dragon claws you.
* * * LOW HITPOINT WARNING * * *
Unknown command.
Casting: Scorch (safe; 1% risk of failure)
Confirm with . or Enter, or press ? or * to list all spells.
Flames lash the steam dragon.
The steam dragon is burned terribly!
You kill the steam dragon!
The steam dragon scales are intact enough to wear.
The polar bear bites you!!
You die...
Ignis goes out, and joins you in death.

Skill      XL: |  1  2  3  4  5  6  7  8  9 |
---------------+----------------------------+-----
Armour         | 1 2 3 4 5 6 |  6.8
Axes           | 4 5 6 7 8 |  8.5
Fire Magic     | 4 5 6 7 8 |  8.4
Fighting       | 4 5 6 7 |  7.7
Spellcasting   | 2 3 4 5 |  5.3

Action                     |  1- 3 |  4- 6 |  7- 9 || total
---------------------------+-------+-------+-------++-------
  Melee: Hand axe          |    98 |   109 |       ||   207
         War axe           |       |    11 |   212 ||   223
   Cast: Scorch            |     3 |    24 |   130 ||   157
    Use: Scroll            |       |     5 |     8 ||    13
         Potion            |       |     1 |       ||     1
 Armour: Robe              |    70 |       |       ||    70
         Chain mail        |     7 |   113 |   326 ||   446
  Dodge: Dodged            |    67 |    48 |   113 ||   228

Levels and vault maps discovered:
D:1:      lightli_arrival_maybe_door_vault, layout_loops_cross,
          hellmonk_ecumenical_altar_pennies_from_heaven
D:2:      layout_basic, uniq_jessica
D:3:      layout_loops_corners, cheibrodos_sewer_entry_drain,
          nicolae_concentric_dashed_squares_wild, feat_on_display, uniq_terence
D:4:      layout_cave_pools, general_overflow_altar, marbit_many_paths
D:5:      layout_loops_ring, grunt_temple_overflow_opulence, old_standard_altar,
          gammafunk_ghost_abyssal_escape, uniq_grinder, uniq_ijyb
D:6:      layout_basic, temple_statues, lemuel_flame_loot_1, uniq_eustachio,
          uniq_jeremiah
D:7:      layout_layer_cave, serial_shops, kennysheep_mini, minmay_small_thing
D:8:      layout_layer_cave, mainiacjoe_overflow_large_starburst,
          hellmonk_lair_entry_icy, nicolae_wand_duel

Notes
Turn   | Place    | Note
-------+----------+-------------------------------------------
     0 | D:1      | cforsyth the Mountain Dwarf Cinder Acolyte began the quest
                  | for the Orb.
     0 | D:1      | Reached XP level 1. HP: 19/19 MP: 2/2
   139 | D:1      | Reached XP level 2. HP: 19/26 MP: 3/3
   240 | D:1      | Found a faded altar of an unknown god.
   481 | D:1      | Reached skill level 1 in Armour
   736 | D:2      | Reached XP level 3. HP: 31/31 MP: 5/5
   744 | D:2      | Reached skill level 4 in Axes
   831 | D:2      | Learned a level 2 spell: Scorch
   851 | D:2      | Reached skill level 4 in Fire Magic
   974 | D:2      | Identified the +5 chain mail "Cumajo" {rF++}
  1030 | D:2      | Noticed Jessica
  1034 | D:2      | Killed Jessica
  1035 | D:2      | Reached XP level 4. HP: 32/40 MP: 1/6
  1526 | D:2      | You fall into a shaft and drop 1 floor!
  1730 | D:3      | Found a glowing drain.
  1757 | Sewer    | Entered a sewer
  1767 | Sewer    | Reached skill level 4 in Fighting
  1808 | Sewer    | Noticed a crocodile
  1825 | Sewer    | Killed a crocodile
  1826 | Sewer    | Reached skill level 2 in Armour
  1826 | Sewer    | Reached skill level 2 in Spellcasting
  1826 | Sewer    | Reached XP level 5. HP: 46/46 MP: 6/8
  2225 | D:3      | Noticed an ogre
  2235 | D:3      | Killed an ogre
  2236 | D:3      | Reached XP level 6. HP: 42/53 MP: 4/9
  2285 | D:3      | Reached skill level 5 in Fire Magic
  2332 | D:3      | Reached skill level 5 in Axes
  2615 | D:3      | Noticed Terence
  2634 | D:3      | Killed Terence
  2740 | D:3      | Noticed a water moccasin
  2745 | D:3      | Killed a water moccasin
  2746 | D:3      | Reached skill level 3 in Armour
  3122 | D:4      | Reached skill level 5 in Fighting
  3122 | D:4      | Reached XP level 7. HP: 52/61 MP: 9/11
  3204 | D:4      | Found a hide-covered altar of Uskayaw.
  3244 | D:4      | Identified 3 potions of resistance
  3451 | D:4      | Reached skill level 3 in Spellcasting
  3648 | D:4      | Identified the +4 ring mail "Murgh" {rN+++}
  3803 | D:4      | Reached skill level 4 in Armour
  3857 | D:4      | Found a blossoming altar of Fedhas.
  3928 | D:4      | Reached skill level 6 in Axes
  3928 | D:4      | Reached skill level 6 in Fire Magic
  4133 | D:5      | Entered Level 5 of the Dungeon
  4288 | D:5      | Noticed Grinder
  4292 | D:5      | Paralysed by Grinder for 3 turns
  4300 | D:5      | Noticed JoadsterXIII's ghost (novice TrFi)
  4346 | D:5      | Killed Grinder
  4347 | D:5      | Reached XP level 8. HP: 61/70 MP: 1/13
  4484 | D:5      | Found a transporter.
  4522 | D:5      | Found an opulent altar of Gozag.
  4523 | D:5      | Found a sparkling altar of Nemelex Xobeh.
  4593 | D:5      | Noticed Ijyb
  4597 | D:5      | Killed Ijyb
  4660 | D:5      | Identified the +9 dagger of Optimality {vamp, *Noise rF-
                  | Str+3 Int+6}
  4873 | D:5      | Found a transporter.
  4908 | D:5      | Found a shadowy altar of Dithmenos.
  5025 | D:5      | Found a one-way gate to the infinite horrors of the Abyss.
  5352 | D:6      | Reached skill level 6 in Fighting
  5608 | D:6      | Reached skill level 5 in Armour
  5640 | D:6      | Reached skill level 4 in Spellcasting
  5682 | D:6      | Reached skill level 7 in Axes
  5734 | D:6      | Noticed a hornet
  5740 | D:6      | Killed a hornet
  5741 | D:6      | Reached skill level 7 in Fire Magic
  5825 | D:6      | Found a staircase to the Ecumenical Temple.
  5825 | D:6      | Noticed Eustachio
  6513 | D:6      | Reached XP level 9. HP: 69/78 MP: 15/15
  6632 | D:6      | Noticed Jeremiah
  7187 | D:6      | Killed Jeremiah
  7825 | D:7      | Reached skill level 7 in Fighting
  7832 | D:7      | Reached skill level 6 in Armour
  8051 | D:7      | Identified a scarf of resistance
  8859 | D:7      | Reached skill level 8 in Axes
  8859 | D:7      | Reached skill level 8 in Fire Magic
  9399 | D:7      | Found Niod's Distillery.
  9548 | D:8      | Reached skill level 5 in Spellcasting
  9562 | D:8      | Found a shimmering blue altar of Sif Muna.
  9883 | D:8      | Noticed a rime drake
  9892 | D:8      | Killed a rime drake
  9951 | D:8      | Found an ornate altar of the Wu Jian Council.
 10229 | D:8      | Found a staircase to the Lair.
 10237 | D:8      | Noticed a polar bear
 10253 | D:8      | Slain by a polar bear

Vanquished Creatures
  A rime drake (D:8)
  Jeremiah (D:6)
  A hornet (D:6)
  Grinder (D:5)
  A basilisk (D:7)
  A steam dragon (D:8)
  A water moccasin (D:3)
  3 orc warriors
  2 sky beasts
  A black bear (D:7)
  3 ice beasts
  An ogre (D:3)
  A crocodile (Sewer)
  A centaur (D:7)
  A wolf (D:8)
  A bullfrog (D:8)
  5 scorpions
  4 hounds
  3 orc priests
  A jelly (D:4)
  3 iguanas
  Jessica (D:2)
  A sleepcap (D:4)
  Terence (D:3)
  Ijyb (D:5)
  9 orc wizards
  11 adders
  11 gnolls
  2 shadow imps
  4 white imps
  2 ufetubi (D:6)
  4 dart slugs
  2 ribbon worms
  21 orcs
  10 ball pythons
  9 endoplasms
  4 giant cockroaches
  4 goblins
  7 hobgoblins
  7 jackals
  6 kobolds
  2 quokkas (D:2)
  7 bats
  2 frilled lizards (D:3)
  5 rats
170 creatures vanquished.

Table legend: (Time is in decaauts)
 A = Elapsed time spent in this place.
 B = Non-inter-level travel time spent in this place.
 C = Inter-level travel time spent in this place.
 D = Time resting spent in this place.
 E = Time spent auto-exploring this place.
 F = Levels seen in this place.
 G = Mean time per level.
                   A        B        C        D        E       F      G
               +--------+--------+--------+--------+--------+-----+--------+
         Total |  10332 |  10198 |    134 |   1312 |   7358 |   9 | 1148.0 |
       Dungeon |  10150 |  10016 |    134 |   1272 |   7286 |   8 | 1268.8 |
         Sewer |    182 |    182 |      0 |     40 |     71 |   1 |  182.0 |
               +--------+--------+--------+--------+--------+-----+--------+

Top non-repeatable levels by time:
     D:6: 1903 daAuts
     D:7: 1883 daAuts
     D:5: 1519 daAuts
     D:3: 1331 daAuts
     D:4: 1131 daAuts
     D:8: 841 daAuts
     D:2: 796 daAuts
     D:1: 743 daAuts
   Sewer: 182 daAuts

Table legend:
 A = Non-vault XP
 B = Vault XP
 C = Vault XP percentage of total XP
 D = Non-vault monster count
 E = Vault monster count
 F = Vault count percentage of total count
                 A         B        C        D         E       F
            +---------+---------+-------+---------+---------+-------
      Total |    3556 |    1879 |  34.6 |     151 |      19 |  11.2
            +---------+---------+-------+---------+---------+-------
        D:1 |      40 |       0 |   0.0 |      22 |       0 |   0.0
        D:2 |      48 |      37 |  43.5 |      13 |       1 |   7.1
        D:3 |     376 |      39 |   9.4 |      24 |       3 |  11.1
        D:4 |     545 |      88 |  13.9 |      24 |       1 |   4.0
        D:5 |     158 |     321 |  67.0 |       9 |       2 |  18.2
        D:6 |    1159 |     348 |  23.1 |      24 |       1 |   4.0
        D:7 |     663 |     187 |  22.0 |      22 |       1 |   4.3
        D:8 |     567 |     732 |  56.4 |      13 |       4 |  23.5
      Sewer |       0 |     127 | 100.0 |       0 |       6 | 100.0
            +---------+---------+-------+---------+---------+-------
